[Event "Queens Festival Final-A 2022"]
[Site "Tornelo"]
[Date "2022.06.25"]
[Round "8.2"]
[White "Okuyaz, Duru"]
[Black "Alboredo, Julia"]
[Result "0-1"]
[ECO "B51"]
[WhiteElo "2090"]
[BlackElo "2252"]
[Annotator "TA"]
[PlyCount "88"]
[EventDate "2022.06.24"]
[EventType "tourn"]
[EventCountry "NET"]
[SourceTitle "playchess.com"]
[Source "ChessBase"]
[SourceQuality "1"]
[TimeControl "180+2"]

1. e4 c5 2. Nf3 d6 3. Bb5+ Nc6 4. O-O Bd7 5. Re1 a6 6. Bf1 Bg4 7. h3 Bxf3 8. Qxf3 g6 9. c3 Bg7 10. d3 Nf6 11. Be3 O-O {[%emt 0:00:02] B51: Sicilian: Moscow Variation (3 Bb5+) without 3...Bd7.} 12. Nd2 Nd7 13. Qd1 b5 {[%emt 0:00:03] White is slightly better.} 14. f4 b4 15. Rc1 {[%emt 0:00:01] [#]} bxc3 $146 ({Predecessor:} 15... a5 16. Nf3 Rb8 17. d4 bxc3 18. bxc3 Qb6 19. e5 dxe5 20. fxe5 e6 21. Qe2 Ne7 {0-1 (67) Balabayeva,K (2146)-Popadic,D (2157) Chess.com INT 2020}) 16. bxc3 Rb8 17. Nf3 Qa5 18. d4 Rb2 19. e5 dxe5 20. fxe5 (20. dxe5 $16 Rd8 21. Nd2) 20... Rd8 (20... e6 $11) 21. e6 (21. Nd2 $5 Qc7 22. Qa4 $16) 21... fxe6 22. Bc4 Nf8 23. Ng5 (23. Kh1 $14 {stays ahead.}) 23... cxd4 $17 {[%emt 0:00:08] Black converts the advantage convincingly.} 24. cxd4 (24. Qg4 $17 Bf6 25. Nxe6 Nxe6 26. Qxe6+ Kh8 27. cxd4 Nxd4 28. Bxd4 Bxd4+ 29. Kh1) 24... Nxd4 ({Stronger than} 24... Bxd4 25. Qg4 Bxe3+ 26. Rxe3 $17) (24... Rxd4 $19 {and Black stays clearly on top.} 25. Bxd4 (25. Qf3 $2 Rxc4 26. Qf7+ Kh8 $19) 25... Bxd4+ 26. Kh1 Qxg5) 25. Bxd4 (25. Qg4 $17) 25... Bxd4+ 26. Kh1 Qxg5 {[%emt 0:00:03][%csl Gb2][%cal Rg5g2] [#]} 27. Qf3 Rf2 28. Qe4 Bb2 29. Rcd1 Rxd1 30. Rxd1 Qf5 31. Qe3 Be5 32. Re1 Bd6 33. Bxa6 Rxa2 34. Bc4 Rf2 35. Ra1 Qe5 36. Qxe5 Bxe5 37. Ra5 Bd6 {[%emt 0:00:02] Strongly threatening ...Rc2.} 38. Ra1 Kg7 39. Re1 e5 40. Bd5 Nd7 41. Ra1 Nf6 42. Bc6 e4 {[%emt 0:00:02] [#] ( -> ...Bg3)} 43. Re1 Bg3 44. Re3 Rf1# {[%emt 0:00:02] Weighted Error Value: White=0.83/Black=0.40} 0-1

[Event "Queens Festival Final-A 2022"]
[Site "Tornelo"]
[Date "2022.06.25"]
[Round "8.3"]
[White "Cori T., Deysi"]
[Black "Yuan, Ye"]
[Result "1-0"]
[ECO "D45"]
[WhiteElo "2367"]
[BlackElo "2108"]
[Annotator "TA"]
[PlyCount "37"]
[EventDate "2022.06.24"]
[EventType "tourn"]
[EventCountry "NET"]
[SourceTitle "playchess.com"]
[Source "ChessBase"]
[SourceQuality "1"]
[TimeControl "180+2"]

1. d4 d5 2. Nf3 Nf6 3. c4 c6 4. Nc3 e6 5. e3 Nbd7 6. Qc2 Bd6 7. b3 e5 8. cxd5 {[%emt 0:00:06] D45: Semi-Slav: 5 e3.} cxd5 9. Nb5 Bb4+ 10. Bd2 $1 {[%emt 0:00:02] White is slightly better.} Bxd2+ 11. Qxd2 {[%emt 0:00:13] [#] Hoping for Qb4.} Ne4 12. Qb4 a6 13. Nd6+ Nxd6 14. Qxd6 {[%emt 0:00:00] [#]} e4 $146 ({Predecessor:} 14... Qa5+ 15. b4 Qa3 16. Rd1 Qc3+ 17. Nd2 exd4 18. exd4 Qxd4 19. Nb3 Qe4+ 20. Kd2 Ne5 {½-½ (60) Pogorelov,R (2383)-Hernandez Munoz,A (2255) Penafiel 2020}) 15. Ne5 (15. Nd2 $11) 15... Nxe5 16. Qxe5+ Kf8 (16... Be6 $5 17. a3 (17. Qxg7 $2 Qa5+ 18. Kd1 Kd7 $19) 17... O-O $15) 17. Be2 {[%emt 0:00:06] The position is equal.} Qa5+ 18. Kf1 Be6 19. f4 {[%emt 0:01:20][%mdl 32768] Weighted Error Value: White=0.19 (very precise) /Black=0.12 (very precise) . Loss on time!?} 1-0

[Event "Queens Festival Final-A 2022"]
[Site "Tornelo"]
[Date "2022.06.25"]
[Round "8.4"]
[White "Song, Yuxin"]
[Black "Gueci, Tea"]
[Result "1-0"]
[ECO "B31"]
[WhiteElo "2317"]
[BlackElo "2248"]
[Annotator "TA"]
[PlyCount "69"]
[EventDate "2022.06.24"]
[EventType "tourn"]
[EventCountry "NET"]
[SourceTitle "playchess.com"]
[Source "ChessBase"]
[SourceQuality "1"]
[TimeControl "180+2"]

1. e4 c5 2. Nf3 Nc6 3. Bb5 g6 4. O-O Bg7 5. Re1 e5 6. Bxc6 dxc6 7. d3 Qe7 8. a3 f6 {[%emt 0:00:05] B31: Sicilian: 2...Nc6 3 Bb5 g6.} 9. Bd2 {[%emt 0:00:32][%cal Bc1d2,Bd2b4,Bb4c3][%mdl 32] [#]} Nh6 $146 ({Predecessor:} 9... a5 10. a4 Nh6 11. Na3 Nf7 12. Nc4 Qc7 13. Bc3 O-O 14. Nh4 b6 15. b3 Ng5 {0-1 (40) Sorokin,M-Pigusov,E (2455) Togliatti 1985}) 10. b4 Nf7 {[%emt 0:00:09] The position is equal.} 11. h3 Be6 12. bxc5 Qxc5 13. Bb4 Qb6 14. Nc3 a5 15. Na4 Qc7 16. Nc5 Nd8 (16... Bxh3 $5 17. gxh3 Qe7 $11) 17. Bc3 Bf7 18. d4 $1 O-O ({Black should play} 18... Ne6 $14) 19. dxe5 $16 fxe5 20. Qd7 {[%emt 0:00:28] Prevents Be6. White is much more active.} Qb6 {[%emt 0:00:11] [#] Loses the game.} (20... Qxd7 $16 {is a better defense.} 21. Nxd7 Re8 22. Bxe5 Be6) 21. Qd6 $18 Re8 (21... Bc4 $142 22. Nd7 (22. Bxe5 Nf7 $16) 22... Qa7 23. Nxf8 Nf7) 22. Nd7 {[%emt 0:00:02] Pair of Knights!} Qa7 23. Nf6+ Bxf6 24. Qxf6 Re6 25. Qg5 h6 $2 (25... Qc5 {is a better chance.}) 26. Qxh6 Qc5 27. Re3 Be8 28. Ng5 Re7 {[%emt 0:00:05] Inhibits Qh7+.} 29. Rf3 Rg7 30. Rd1 {[%emt 0:00:03][%cal Od1d8] And now Rxd8! would win.} Nf7 {[%emt 0:00:05] [#]} (30... Qe7 31. Rfd3 Nf7 32. Nxf7 Rxf7 33. Qxg6+ Rg7) 31. Qxg7+ $3 {[%emt 0:00:03][%mdl 512] White is clearly winning.} Kxg7 32. Ne6+ Kg8 33. Nxc5 b5 34. Rf6 Kg7 35. Re6 {[%emt 0:00:02] Weighted Error Value: White=0.19 (very precise) /Black=0.47} 1-0

[Event "Queens Festival Final-A 2022"]
[Site "Tornelo"]
[Date "2022.06.25"]
[Round "9.1"]
[White "Yuan, Ye"]
[Black "Song, Yuxin"]
[Result "1-0"]
[ECO "D00"]
[WhiteElo "2108"]
[BlackElo "2317"]
[Annotator "TA"]
[PlyCount "41"]
[EventDate "2022.06.24"]
[EventType "tourn"]
[EventCountry "NET"]
[SourceTitle "playchess.com"]
[Source "ChessBase"]
[SourceQuality "1"]
[TimeControl "180+2"]

1. d4 Nf6 2. Bg5 d5 3. Bxf6 gxf6 4. Nd2 c5 5. e3 Nc6 6. c3 {[%emt 0:00:04] D00: 1 d4 d5: Unusual lines.} e5 7. dxc5 Bxc5 {[%emt 0:00:02] [#]} 8. b4 $146 {[%emt 0:00:01] Black is slightly better.} ({Predecessor:} 8. Ngf3 Be6 9. g3 Qd7 10. Bg2 O-O-O 11. O-O Bh3 12. Nh4 Bg4 13. Qa4 Kb8 14. Nb3 {½-½ (96) Bartel,M (2648)-Jones,G (2670) Chess.com INT 2020}) 8... Bd6 9. Nb3 Be6 10. Nf3 a6 (10... Qc7 $17 11. a3 O-O) 11. Be2 $15 Rg8 12. g3 Bh3 13. Nh4 Be6 14. Qc2 Rg7 (14... Ne7 $11 {keeps the balance.}) 15. Nf5 $16 Bxf5 16. Qxf5 Ne7 (16... Rg6 $16) 17. Qxf6 $18 Kf8 18. Rd1 Qc7 19. Nc5 {[%emt 0:00:12] [#] Black must now prevent Ne6+. White is more active.} b6 $2 (19... Kg8 $16) 20. Ne6+ $1 Kg8 21. Qxg7# {[%emt 0:00:02] Weighted Error Value: White=0.13 (very precise) /Black=0.66} 1-0

[Event "Queens Festival Final-A 2022"]
[Site "Tornelo"]
[Date "2022.06.25"]
[Round "9.2"]
[White "Alboredo, Julia"]
[Black "Cori T., Deysi"]
[Result "0-1"]
[ECO "E11"]
[WhiteElo "2252"]
[BlackElo "2367"]
[Annotator "TA"]
[PlyCount "88"]
[EventDate "2022.06.24"]
[EventType "tourn"]
[EventCountry "NET"]
[SourceTitle "playchess.com"]
[Source "ChessBase"]
[SourceQuality "1"]
[TimeControl "180+2"]

1. d4 Nf6 2. Nf3 e6 3. c4 Bb4+ 4. Bd2 Qe7 5. g3 O-O 6. Bg2 Nc6 7. Nc3 d6 8. O-O e5 9. Nd5 {[%emt 0:00:30] E11: Bogo-Indian.} Nxd5 10. cxd5 Bxd2 11. dxc6 {[%emt 0:00:02] White is better.} Ba5 12. dxe5 {[%emt 0:00:03] [#]} dxe5 $146 ({Predecessor:} 12... bxc6 13. exd6 cxd6 14. Nd4 Bd7 15. Bxc6 Rac8 16. Bxd7 Qxd7 17. Qd3 Bb6 18. Nb5 d5 {1-0 (49) Martirosyan,H (2515)-Rueetschi,U (2266) Zuerich 2017}) 13. Qd5 b6 14. Qxe5 (14. a3 {is interesting.} e4 15. Ne5 Be6 16. Qxe4 Bb3 17. Qf5) 14... Qxe5 15. Nxe5 Re8 {[%emt 0:00:02] [#]} 16. Nd3 (16. Rfd1 $1 $16) 16... Ba6 17. Bf3 (17. Rfd1 $5 ) 17... Rad8 (17... Bxd3 $11 {might be stronger.} 18. exd3 Rad8) 18. Nf4 $14 Bd2 19. Nd5 ({White should play} 19. Rfd1 $14) 19... Bxe2 $11 20. Bxe2 Rxd5 21. Bf3 Rd6 22. Rfd1 Bb4 23. a3 Rxd1+ 24. Rxd1 Re1+ 25. Rxe1 Bxe1 {[%emt 0:00:00][%mdl 4096] Endgame KB-KB} 26. Kf1 Bd2 27. Ke2 ({Better is} 27. b4 $11) 27... Bc1 $15 28. b4 Bxa3 29. b5 Bc5 30. Be4 Kf8 31. f3 h5 32. h3 g5 33. g4 h4 34. Kd3 Ke7 35. Bd5 f6 (35... Kd6 $5 36. Ke4 Ba3 $15) 36. Ke4 Bd6 37. Kf5 (37. Bc4 $11 {keeps the balance.}) 37... Bg3 $17 {[%emt 0:00:03] [#] Threatens to win with ...Kd6.} 38. Bc4 Be5 39. Ke4 Kd6 40. Bf1 Kc5 41. Kf5 $2 {[%emt 0:00:02][%mdl 8192] This move loses the game for White.} (41. Bd3 $17) 41... Kd4 $19 {[%emt 0:00:09] Black is clearly winning.} 42. Be2 Ke3 43. Bd1 Kf2 44. Ke6 Kg3 {[%emt 0:00:02] Weighted Error Value: White=0.60/Black=0.08 (flawless)} 0-1

[Event "Queens Festival Final-A 2022"]
[Site "Tornelo"]
[Date "2022.06.25"]
[Round "9.3"]
[White "Castrillon Gomez, Melissa"]
[Black "Okuyaz, Duru"]
[Result "1-0"]
[ECO "D12"]
[WhiteElo "2198"]
[BlackElo "2090"]
[Annotator "RC"]
[PlyCount "77"]
[EventDate "2022.06.24"]
[EventType "tourn"]
[EventCountry "NET"]
[SourceTitle "playchess.com"]
[Source "ChessBase"]
[SourceQuality "1"]
[TimeControl "180+2"]

1. d4 d5 2. c4 c6 3. Nf3 Nf6 4. e3 Bf5 5. Nc3 e6 6. Nh4 Bg4 7. f3 Bh5 8. g3 Nbd7 9. Be2 Be7 10. Bd2 a6 11. c5 b6 12. b4 a5 13. b5 bxc5 14. bxc6 Nb6 15. Bb5 O-O 16. Ng2 cxd4 17. exd4 Nc4 18. O-O Nxd2 19. Qxd2 Bb4 20. a3 Bd6 21. Nf4 Rb8 22. a4 e5 23. Nfxd5 exd4 24. Qxd4 Nxd5 25. Qxd5 Bg6 26. Kg2 Bb4 27. Rac1 Qb6 28. Ne4 Rbd8 29. Qc4 Bxe4 30. Qxe4 Rd2+ 31. Kh3 Qc7 32. Rcd1 Rb2 33. Rd7 Qc8 34. Rfd1 h5 35. g4 hxg4+ 36. Qxg4 f5 37. Qc4+ Kh7 38. Qh4+ Kg8 39. Bc4+ 1-0

[Event "Queens Festival Final-A 2022"]
[Site "Tornelo"]
[Date "2022.06.25"]
[Round "9.4"]
[White "Ismayil, Malak"]
[Black "Balabayeva, Xeniya"]
[Result "1-0"]
[ECO "B15"]
[WhiteElo "2001"]
[BlackElo "2177"]
[Annotator "RC"]
[PlyCount "123"]
[EventDate "2022.06.24"]
[EventType "tourn"]
[EventCountry "NET"]
[SourceTitle "playchess.com"]
[Source "ChessBase"]
[SourceQuality "1"]
[TimeControl "180+2"]

1. e4 c6 2. d4 d5 3. Nc3 dxe4 4. Nxe4 Nf6 5. Nxf6+ exf6 6. Nf3 Bd6 7. c3 O-O 8. Be2 Re8 9. O-O Nd7 10. Qc2 Nf8 11. Be3 Bg4 12. h3 Bh5 13. Rae1 Qc7 14. Nd2 Bxe2 15. Rxe2 Ng6 16. Ne4 Be7 17. Ng3 Bf8 18. Rfe1 Re6 19. Qd2 Qd7 20. c4 Rae8 21. Rd1 Rd6 22. Qd3 b5 23. b3 bxc4 24. bxc4 Rde6 25. Nf5 Ne7 26. Ng3 Rd8 27. Rb2 Ng6 28. Rdb1 Bd6 29. Rb7 Qe8 30. Nf5 Bf4 31. g3 Bxe3 32. fxe3 Ne5 33. Qe2 Nd7 34. R1b3 g6 35. Nh4 Re4 36. Qf3 Qe6 37. Kh2 Nf8 38. Ng2 Re8 39. Rxa7 Qxc4 40. Rbb7 f5 41. a4 Qd5 42. Qf2 Ne6 43. Rxf7 Ng5 44. Rg7+ Kh8 45. h4 Ne6 46. Rxh7+ Kg8 47. Rhd7 Qb3 48. h5 Nf8 49. Rg7+ Kh8 50. hxg6 Qe6 51. Qe2 Rg4 52. Nf4 Qf6 53. Qg2 Qxg7 54. Rxg7 Kxg7 55. Qf3 Re4 56. Ng2 Nxg6 57. Qxf5 Ne7 58. Qd7 Rg6 59. a5 Rgg4 60. a6 Rg5 61. a7 Ra5 62. Qb7 1-0